 Dungeon Crawl Stone Soup version 0.19-a0-1882-gbb73ea0 (webtiles) character file.

173782 mrath the Fighter (level 17, -5/154 HPs)
             Began as a Minotaur Fighter on Oct 9, 2016.
             Was an Elder of Okawaru.
             Slain by Polyphemus (9 damage)
             ... on level 2 of the Shoals on Oct 14, 2016.
             The game lasted 03:41:04 (37883 turns).

mrath the Fighter (Minotaur Fighter)               Turns: 37883, Time: 03:41:05

Health: -5/154     AC: 35    Str: 32 (34) XL:     17   Next: 43%
Magic:  24/24      EV:  2    Int:  5      God:    Okawaru [****..]
Gold:   2059       SH:  0    Dex: 23      Spells: 0 memorised, 16 levels left

rFire  . . .     SeeInvis +     r - +8 spear "Ufimoj" {pierce, +Blink MR+}
rCold  + + .     Gourm    +     F - +0 plate armour {rN+}
rNeg   + + +     Faith    .     X - +10 large shield of Gravitas {Dex+6 Stlth+}
rPois  ∞         Spirit   .     U - +1 hat {SInv}
rElec  +         Dismiss  .     M - +5 cloak of Muidoyf {rElec rC++ Str+2 SInv}
rCorr  .         Reflect  .     d - +2 pair of gloves {Dex+3}
MR     ++...     Harm     .     v - +0 pair of boots
Stlth  .......... Clarity  +    D - amulet of the gourmand
                                s - +3 ring of dexterity
                                G - +6 ring of protection

@: mighty, about to teleport, petrified, finesse
A: retaliatory headbutt, horns 2, clarity, deterioration 1
a: Heroism, Renounce Religion, Evoke Blink


You were on level 2 of the Shoals.
You worshipped Okawaru.
Okawaru was greatly pleased with you.
You were very full.

You visited 6 branches of the dungeon, and saw 28 of its levels.
You visited the Abyss 1 time.
You also visited: Ice Cave.

You collected 2781 gold pieces.
You spent 722 gold pieces at shops.

Inventory:

Hand Weapons
 r - the +8 spear "Ufimoj" (weapon) {pierce, +Blink MR+}
   (You found it on level 4 of the Dungeon)

   It inflicts extra damage upon your enemies.
   It affects your resistance to hostile enchantments.
   It lets you blink.
 T - the +9 spear of Okawaru's Delight {venom, rC+ Stlth+}
   (Okawaru gifted it to you on level 2 of the Lair of Beasts)

   It poisons the flesh of those it strikes.
   It protects you from cold.
   It makes you more stealthy.
Missiles
 g - 2 javelins of returning (quivered)
 k - 3 curare-tipped needles
 l - 17 tomahawks
 u - 4 exploding tomahawks
 y - 15 javelins
 C - 2 throwing nets
 R - 7 poisoned tomahawks
Armour
 d - a +2 pair of gloves of dexterity (worn)
 v - a +0 pair of boots (worn)
 F - a +0 plate armour of positive energy (worn)
 M - the +5 cloak of Muidoyf (worn) {rElec rC++ Str+2 SInv}
   (You found it on level 7 of the Dungeon)

   It affects your strength (+2).
   It greatly protects you from cold.
   It insulates you from electricity.
   It lets you see invisible.
 U - a +1 hat of see invisible (worn)
 X - the +10 large shield of Gravitas (worn) {Dex+6 Stlth+}
   (Okawaru gifted it to you on level 13 of the Dungeon)

   It affects your dexterity (+6).
   It makes you more stealthy.
Jewellery
 j - a +3 ring of strength
 s - a +3 ring of dexterity (right hand)
 x - an uncursed ring of poison resistance
 D - an amulet of the gourmand (around neck)
 E - an uncursed ring of positive energy
 G - a +6 ring of protection (left hand)
Wands
 e - a wand of acid (11/15)
 f - a wand of lightning (4/15)
 p - a wand of flame (17/48)
 z - a wand of teleportation (4/9)
 B - a wand of disintegration (10/24)
 H - a wand of lightning (8/15)
Scrolls
 h - 4 scrolls of magic mapping
 m - 6 scrolls of identify
 q - 3 scrolls of fear
 K - 10 scrolls of remove curse
 N - 9 scrolls of teleportation
 P - 4 scrolls of fog
 Q - a scroll of random uselessness {unknown}
 S - 3 scrolls of blinking
Potions
 b - 2 potions of flight
 c - 2 potions of cancellation
 o - 11 potions of curing
 t - 7 potions of heal wounds
 A - 2 potions of agility
 I - 4 potions of haste
 O - 5 potions of might
 V - a potion of resistance
Books
 i - a book of Misfortune

   Spells                             Type                      Level
   a - Confusing Touch                Hexes                        1
   b - Confuse                        Hexes                        3
   c - Gell's Gravitas                Hexes/Translocation          3
   d - Petrify                        Transmutation/Earth          4
   e - Metabolic Englaciation         Hexes/Ice                    5
   f - Yara's Violent Unravelling     Hexes/Transmutation          5
Miscellaneous
 J - a phial of floods
Comestibles
 w - 9 fruits
 L - a meat ration


   Skills:
 + Level 14.5 Fighting
   Level 7.0 Maces & Flails
 + Level 13.7 Polearms
 + Level 11.8 Throwing
 + Level 14.1 Armour
 + Level 13.0 Dodging
 + Level 13.8 Shields
 - Level 7.2 Invocations
 + Level 11.0 Evocations


You had 16 spell levels left.
You didn't know any spells.

Dungeon Overview and Level Annotations

Branches:
Dungeon (15/15)            Temple (1/1) D:7            Lair (6/6) D:10
 Shoals (2/4) Lair:2        Snake (0/4) Lair:2        Slime (0/5) Lair:6
    Orc (2/2) D:12            Elf (2/3) Orc:2        Vaults (0/5) D:14
 Depths (0/5) D:15

Altars:
Ashenzari
Cheibriados
Dithmenos
Elyvilon
Fedhas
Gozag
Hepliaklqana
Kikubaaqudgha
Makhleb
Nemelex Xobeh
Okawaru
Qazlal
Ru
Sif Muna
Trog
Uskayaw
Vehumet
Xom
Yredelemnul
Zin
The Shining One
Beogh

Shops:
D:6 ?([   D:11 =   D:12 *   Orc:1 [   Orc:2 }:!*   Elf:2 *   Shoals:1 %

Annotations:
D:14 3 runed doors
Lair:6 exclusion: 3 oklob plants
Shoals:2 Polyphemus
Elf:2 Amnesiac's ghost, adept HaMo


Innate Abilities, Weirdness & Mutations

You reflexively headbutt those who attack you in melee.
You have a pair of horns on your head.
You possess an exceptional clarity of mind.
Your body sometimes deteriorates upon taking damage.


Message History

The merfolk hits you but does no damage.
The death yak is engulfed in calcifying dust.
The death yak stops moving altogether!
The merfolk impaler hits you from afar with a trident.
* * * LOW HITPOINT WARNING * * *
The death yak closely misses you. You furiously retaliate!
You headbutt the death yak!
The death yak is engulfed in calcifying dust.
You have turned to stone.
You are engulfed in calcifying dust.
The merfolk hits you but does no damage.
The merfolk impaler hits you but does no damage.
The merfolk hits you from afar with a halberd.
* * * LOW HITPOINT WARNING * * *
The death yak gores you!
* * * LOW HITPOINT WARNING * * *
The merfolk impaler hits you but does no damage.
The death yak is engulfed in calcifying dust.
Polyphemus hits you!!
You die...

..≈≈≈≈≈≈. .≈≈≈
...≈≈≈≈≈≈≈≈≈...###..
.≈≈≈
.....≈..≈≈≈.≈≈≈....
≈ .≈.≈≈..≈≈≈≈..##.≈≈
..(≈≈≈..≈≈≈≈≈..#.)≈
............≈≈≈≈≈≈≈≈
.......##...≈≈≈≈≈≈≈≈
..........mC.≈≈≈≈≈≈≈
.......≈..(#@≈≈≈≈≈≈P
.....≈≈≈≈.mYY.≈≈≈≈≈≈
.....≈≈≈≈((Ym≈≈≈≈≈≈P
....≈.....##.^≈≈≈≈PP
....≈...###..P≈..≈P≈
....≈.(.# #.(≈≈.P≈≈≈
...≈≈≈..# #..≈...P≈P
....≈≈≈.# #≈≈≈≈≈.PP≈
.....≈≈≈# .≈≈≈≈PP##P


You could see Polyphemus, a merfolk impaler, 2 death yaks, a catoblepas and 2
merfolk.

Vanquished Creatures
  Nikola (Elf:2)
  A bone dragon (Abyss:2)
  A deep elf blademaster (Elf:2)
  Frances (D:14)
  Donald (Elf:2)
  Kirke (Shoals:1)
  A deep elf sorcerer (Elf:1)
  Louise (D:14)
  A deep elf elementalist (Elf:2)
  3 deep elf annihilators (Elf:2)
  2 deep elf demonologists (Elf:2)
  Azrael (D:14)
  A merfolk javelineer (Shoals:1)
  3 deep elf death magi (Elf:2)
  3 fire dragons
  Josephine (D:11)
  A deep elf high priest (Elf:2)
  A merfolk impaler (Shoals:1)
  A vault guard (D:14)
  An ice dragon (D:13)
  4 hydras
  The ghost of Nuatha the Unseen, a journeyman SpAs of Gozag (Lair:4)
  A merfolk avatar (Shoals:2)
  25 dancing weapons
  A death knight (D:12)
  2 centaur warriors
  A tengu warrior (D:14)
  A thrashing horror (Abyss:2)
  Sonja (D:11)
  Nergalle (D:11)
  6 death yaks
  5 orc high priests (Orc:2)
  A wretched star (Abyss:2)
  11 deep elf knights
  A fire crab (shapeshifter) (D:13)
  A glowing orange brain (Abyss:2)
  A sea snake (Shoals:1)
  3 unseen horrors (D:11)
  9 deep elf archers
  3 hill giants
  2 large abominations (Abyss:2)
  7 orc knights
  An orange crystal statue (D:14)
  2 starcursed masses (Abyss:2)
  A wolf spider zombie (D:14)
  Pikel (D:6)
  2 orc sorcerers
  10 ugly things
  3 manticores
  53 deep elf magi
  3 slime creatures (D:15)
  A siren (Shoals:1)
  9 elephants
  4 centaur zombies
  Joseph (D:7)
  An apocalypse crab (Abyss:2)
  3 black mambas
  Maurice (Orc:1)
  7 cyclopes
  A smoke demon (Abyss:2)
  2 ice statues (IceCv)
  A water nymph (Shoals:2)
  10 spiny frogs
  An emperor scorpion zombie (Abyss:2)
  A gargoyle (D:10)
  2 rime drakes
  9 komodo dragons
  3 yaktaurs (D:15)
  2 kobold demonologists (D:14)
  2 efreet
  A troll (shapeshifter) (D:15)
  11 merfolk
  8 trolls
  A wind drake (Shoals:1)
  4 polar bears (D:13)
  A hippogriff (shapeshifter) (Elf:1)
  A hornet (D:14)
  A two-headed ogre (D:9)
  12 blink frogs
  9 dream sheep
  16 hippogriffs
  3 air elementals
  2 snapping turtles
  5 wraiths
  2 centaur simulacra (D:13)
  2 vampires
  2 wyverns
  3 water elementals
  39 yaks
  A ynoxinul (Abyss:2)
  4 basilisks
  6 fire elementals
  3 vampire mosquitoes (D:12)
  A steam dragon (Lair:6)
  3 neqoxecs (Abyss:2)
  A hog (Shoals:1)
  4 hungry ghosts
  5 nagas (Lair:2)
  4 mottled dragons
  2 wargs
  2 hell hounds (D:14)
  Duvessa (D:4)
  9 porcupines
  2 slaves
  11 water moccasins
  3 swamp drakes (Lair:6)
  9 ice beasts
  A phantom (D:5)
  38 orc warriors
  2 black bears
  2 sky beasts
  3 necrophages
  14 ogres
  10 centaurs
  3 small abominations (Abyss:2)
  37 wolves
  9 crocodiles
  6 big kobolds
  19 bullfrogs
  A gnoll sergeant (D:10)
  A wyvern zombie (D:14)
  Dowan (D:4)
  2 earth elementals (Elf:1)
  A water moccasin zombie (D:9)
  A wyvern skeleton (D:9)
  A scorpion (D:14)
  9 killer bees
  10 wights
  11 electric eels
  A howler monkey (D:9)
  7 crimson imps
  A wyvern simulacrum (D:13)
  4 hounds
  2 jellies
  3 bullfrog skeletons
  32 orc priests
  6 centaur skeletons
  18 orc wizards
  Jessica (D:2)
  12 iguanas
  Terence (D:2)
  12 worker ants
  A hound skeleton (D:6)
  A howler monkey zombie (D:8)
  2 worker ant zombies (D:9)
  A howler monkey skeleton (D:5)
  9 gnolls
  12 adders
  6 shadow imps
  6 white imps (D:13)
  An ufetubus (D:13)
  An ooze (D:1)
  2 dart slugs
  2 leopard geckos
  99 orcs
  2 ball pythons
  A bat (D:3)
  8 giant cockroaches
  6 goblins
  7 hobgoblins
  17 jackals
  7 quokkas
  6 frilled lizards
  2 jackal skeletons (D:4)
  10 kobolds
  A leopard gecko skeleton (D:8)
  A leopard gecko zombie (D:6)
  A quokka skeleton (D:4)
  11 rats
  A butterfly (Lair:4)
  2 fungi
954 creatures vanquished.

Vanquished Creatures (others)
  A human (Shoals:1)
  A bullfrog (D:14)
  A kobold (D:5)
  7 fungi
  9 plants
19 creatures vanquished.

Grand Total: 973 creatures vanquished

Notes
Turn   | Place    | Note
-------+----------+-------------------------------------------
     0 | D:1      | mrath the Minotaur Fighter began the quest for the Orb.
     0 | D:1      | Reached XP level 1. HP: 19/19 MP: 0/0
   103 | D:1      | Reached XP level 2. HP: 26/26 MP: 1/1
   885 | D:2      | Reached XP level 3. HP: 25/31 MP: 2/2
  1246 | D:2      | Found a snail-covered altar of Cheibriados.
  1276 | D:2      | Noticed Jessica
  1286 | D:2      | Killed Jessica
  1286 | D:2      | Reached skill level 5 in Maces & Flails
  1286 | D:2      | Reached XP level 4. HP: 34/39 MP: 3/3
  1367 | D:2      | Noticed Terence
  1371 | D:2      | Killed Terence
  1500 | D:2      | Found a faded altar of an unknown god.
  1970 | D:3      | Reached XP level 5. HP: 34/45 MP: 4/4
  2489 | D:3      | Reached skill level 1 in Dodging
  2768 | D:3      | Reached skill level 1 in Throwing
  2768 | D:3      | Reached skill level 1 in Evocations
  3034 | D:4      | Noticed an ogre
  3043 | D:4      | Killed an ogre
  3043 | D:4      | Reached XP level 6. HP: 26/52 MP: 6/6
  3402 | D:4      | Reached XP level 7. HP: 57/59 MP: 7/7
  3538 | D:4      | Noticed Duvessa
  3539 | D:4      | Noticed Dowan
  3569 | D:4      | Killed Duvessa
  3578 | D:4      | Killed Dowan
  3901 | D:4      | Reached skill level 5 in Shields
  4276 | D:4      | Got a bloodstained spear
  4348 | D:4      | Identified the +8 spear "Ufimoj" {pierce, +Blink MR+} (You found it on level 4 of the Dungeon)
  4372 | D:5      | Entered Level 5 of the Dungeon
  4462 | D:5      | Reached skill level 5 in Fighting
  4462 | D:5      | Reached skill level 5 in Armour
  4462 | D:5      | Reached XP level 8. HP: 48/68 MP: 8/8
  4582 | D:5      | Reached skill level 1 in Polearms
  5040 | D:6      | Found Yteyde's Antique Weapon Boutique.
  5918 | D:6      | Noticed Pikel
  6232 | D:6      | Found Xofoleju's Armour Boutique.
  6262 | D:6      | Reached XP level 9. HP: 75/75 MP: 10/10
  7235 | D:6      | Killed Pikel
  7320 | D:6      | Found Poryla Ware's Magic Scroll Shop.
  7329 | D:6      | Bought a scroll of identify for 20 gold pieces
  7329 | D:6      | Bought 3 scrolls of identify for 60 gold pieces
  7329 | D:6      | Bought a scroll of identify for 20 gold pieces
  7329 | D:6      | Bought a scroll of identify for 20 gold pieces
  7329 | D:6      | Bought a scroll of identify for 20 gold pieces
  7329 | D:6      | Bought a scroll of identify for 20 gold pieces
  7329 | D:6      | Bought a scroll of remove curse for 30 gold pieces
  7378 | D:6      | Found a deep blue altar of Sif Muna.
  7443 | D:7      | Got a steaming cloak
  7445 | D:7      | Identified the +5 cloak of Muidoyf {rElec rC++ Str+2 SInv} (You found it on level 7 of the Dungeon)
  7507 | D:7      | Found a staircase to the Ecumenical Temple.
  7531 | Temple   | Entered the Ecumenical Temple
  7679 | D:7      | Noticed Joseph
  7706 | D:7      | Killed Joseph
  7706 | D:7      | Reached skill level 5 in Dodging
  8075 | D:7      | Found a white marble altar of Elyvilon.
  8293 | D:7      | Reached skill level 5 in Polearms
  8296 | D:7      | Found a blossoming altar of Fedhas.
  8674 | D:8      | Noticed a purple ugly thing
  8754 | D:8      | Found a shimmering altar of Xom.
  8754 | D:8      | Found a shimmering altar of Xom.
  8754 | D:8      | Found a shimmering altar of Xom.
  8754 | D:8      | Found a shimmering altar of Xom.
  8763 | D:8      | Found a shimmering altar of Xom.
  8764 | D:8      | Found a shimmering altar of Xom.
  8820 | D:8      | Reached XP level 10. HP: 84/84 MP: 12/12
  8827 | D:8      | Reached skill level 5 in Throwing
  8851 | D:8      | Killed a purple ugly thing
  9041 | D:8      | Reached skill level 5 in Evocations
  9118 | D:8      | Found a roughly hewn altar of Beogh.
 10362 | D:9      | Found an ancient bone altar of Kikubaaqudgha.
 10364 | D:9      | Found an iron altar of Okawaru.
 11035 | D:8      | Noticed a cyclops
 11048 | D:8      | Noticed a fire crab
 11048 | D:8      | a cyclops changed into a fire crab
 11557 | D:10     | Entered Level 10 of the Dungeon
 11587 | D:9      | Became a worshipper of Warmaster Okawaru
 11708 | D:10     | Noticed a hill giant
 11806 | D:10     | Reached * piety under Okawaru
 11916 | D:10     | Noticed an elephant
 11933 | D:10     | Killed an elephant
 11933 | D:10     | Reached XP level 11. HP: 80/94 MP: 14/14
 12129 | D:10     | Found a staircase to the Lair.
 12363 | D:10     | Killed a hill giant
 12363 | D:10     | Reached ** piety under Okawaru
 12698 | Lair:1   | Entered Level 1 of the Lair of Beasts
 12705 | Lair:1   | Reached *** piety under Okawaru
 13153 | Lair:1   | Reached skill level 1 in Invocations
 13408 | Lair:1   | Reached **** piety under Okawaru
 13431 | Lair:1   | Noticed a seven-headed hydra
 13438 | Lair:1   | Killed a seven-headed hydra
 13438 | Lair:1   | Received a gift from Okawaru
 13883 | Lair:1   | Reached ***** piety under Okawaru
 13883 | Lair:1   | Reached XP level 12. HP: 85/104 MP: 16/16
 14821 | Lair:2   | Noticed an eight-headed hydra
 14831 | Lair:2   | Killed an eight-headed hydra
 15164 | Lair:2   | Received a gift from Okawaru
 15165 | Lair:2   | Got an ichor-stained spear {god gift}
 15178 | Lair:2   | Identified the +9 spear of Okawaru's Delight {venom, rC+ Stlth+} (Okawaru gifted it to you on level 2 of the Lair of Beasts)
 15202 | Lair:2   | Found a staircase to the Shoals.
 15493 | Lair:2   | Found a staircase to the Snake Pit.
 15753 | Lair:2   | Reached skill level 10 in Armour
 16425 | Lair:3   | Reached skill level 10 in Fighting
 17073 | Lair:4   | Reached skill level 10 in Shields
 17085 | Lair:4   | Noticed Nuatha's ghost (journeyman SpAs)
 17101 | Lair:4   | Killed Nuatha's ghost
 17568 | Lair:4   | Reached XP level 13. HP: 80/113 MP: 17/17
 18927 | Lair:5   | Received a gift from Okawaru
 19460 | Lair:5   | Received a gift from Okawaru
 19502 | Lair:5   | Reached skill level 5 in Invocations
 19755 | Lair:6   | Entered Level 6 of the Lair of Beasts
 19772 | Lair:6   | Received a gift from Okawaru
 19836 | Lair:6   | Found a staircase to the Slime Pits.
 21101 | Lair:6   | Noticed a fire dragon
 21120 | Lair:6   | Killed a fire dragon
 21771 | D:10     | Reached skill level 10 in Polearms
 21882 | D:11     | Noticed Nergalle
 21886 | D:11     | Noticed Sonja
 21945 | D:11     | Killed Sonja
 21952 | D:11     | Killed Nergalle
 21952 | D:11     | Reached skill level 10 in Dodging
 21952 | D:11     | Reached XP level 14. HP: 124/124 MP: 19/19
 22145 | D:11     | Found Kugesidgh's Jewellery Shop.
 22195 | D:11     | Noticed Josephine
 22209 | D:11     | Killed Josephine
 22209 | D:11     | Received a gift from Okawaru
 22547 | D:12     | Found a stormy altar of Qazlal.
 22585 | D:12     | Found a staircase to the Orcish Mines.
 22917 | D:12     | Found Qam Elup's General Store.
 23142 | D:12     | Received a gift from Okawaru
 23448 | Orc:1    | Entered Level 1 of the Orcish Mines
 23449 | Orc:1    | Noticed Maurice
 23468 | Orc:1    | Killed Maurice
 23622 | Orc:1    | Found Boeluk's Antique Armour Shop.
 24076 | Orc:2    | Entered Level 2 of the Orcish Mines
 24247 | Orc:2    | Found a staircase to the Elven Halls.
 25695 | Orc:2    | Received a gift from Okawaru
 26225 | Orc:2    | Found Pasoent's General Store.
 26232 | Orc:2    | Found Coaloon's Distillery.
 26233 | Orc:2    | Found Cuokhy's Book Shoppe.
 26233 | Orc:2    | Found Udiv's Gadget Emporium.
 26244 | Orc:2    | Bought a potion of heal wounds for 70 gold pieces
 26244 | Orc:2    | Bought a potion of heal wounds for 70 gold pieces
 26244 | Orc:2    | Bought a potion of heal wounds for 70 gold pieces
 26244 | Orc:2    | Bought a potion of degeneration for 14 gold pieces
 26244 | Orc:2    | Bought a potion of might for 56 gold pieces
 26244 | Orc:2    | Bought a potion of curing for 42 gold pieces
 26599 | Lair:2   | Upgraded the game from 0.19-a0-1834-g6b7851e to 0.19-a0-1875-g4fea3da
 26942 | D:13     | Found a frozen archway.
 27069 | IceCv    | Entered an ice cave
 27149 | IceCv    | Received a gift from Okawaru
 27166 | IceCv    | Got a crystal morningstar
 27168 | IceCv    | Got a slimy quarterstaff
 27406 | D:13     | Identified the cursed +0 morningstar "Xomoirr" {chaos, *Drain +Inv rC++} (You found it in an ice cave)
 27483 | D:13     | Reached XP level 15. HP: 131/132 MP: 21/21
 27579 | D:13     | Received a gift from Okawaru
 27584 | D:13     | Got a shimmering large shield {god gift}
 27750 | D:13     | Identified the +10 large shield of Gravitas {Dex+6 Stlth+} (Okawaru gifted it to you on level 13 of the Dungeon)
 28541 | D:14     | Noticed Azrael
 28591 | D:14     | Killed Azrael
 28591 | D:14     | Reached skill level 10 in Throwing
 28962 | D:14     | Found a gate to the Vaults.
 29160 | D:14     | Found a runed door.
 29174 | D:14     | Found a runed door.
 29225 | D:14     | Found a runed door.
 29239 | D:14     | Noticed Frances
 29255 | D:14     | Killed Frances
 29280 | D:14     | Found a runed door.
 29506 | D:14     | Noticed Louise
 29506 | D:14     | Cast into level 2 of the Abyss (Louise)
 29569 | Abyss:2  | Gained mutation: You possess an exceptional clarity of mind. [a neqoxec]
 29593 | Abyss:2  | Found a roughly hewn altar of Beogh.
 29808 | Abyss:2  | Gained mutation: Your body sometimes deteriorates upon taking damage. [a neqoxec]
 29939 | Abyss:2  | Noticed a bone dragon
 29974 | Abyss:2  | Killed a bone dragon
 30022 | D:14     | Escaped the Abyss
 30040 | D:14     | Killed Louise
 30175 | D:15     | Entered Level 15 of the Dungeon
 30195 | D:14     | Received a gift from Okawaru
 31212 | D:15     | Found a staircase to the Depths.
 31751 | Elf:1    | Entered Level 1 of the Elven Halls
 31774 | Elf:1    | Reached skill level 10 in Evocations
 32131 | Elf:1    | Received a gift from Okawaru
 32338 | Elf:1    | Noticed a deep elf sorcerer
 32352 | Elf:1    | Killed a deep elf sorcerer
 32352 | Elf:1    | Reached XP level 16. HP: 144/144 MP: 15/22
 32912 | Elf:2    | Found Leyny's Assorted Antiques.
 32915 | Elf:2    | Bought a scroll of identify for 60 gold pieces
 33061 | Elf:2    | Noticed Nikola
 33085 | Elf:2    | Killed Nikola
 33220 | Elf:2    | Received a gift from Okawaru
 33233 | Elf:2    | Found a runed gate.
 33233 | Elf:2    | Found a runed gate.
 33233 | Elf:2    | Found a runed gate.
 33475 | Elf:2    | Received a gift from Okawaru
 33546 | Elf:2    | Noticed a Brimstone Fiend
 33946 | Elf:2    | Received a gift from Okawaru
 34243 | Elf:2    | Noticed an Ice Fiend
 34248 | Elf:2    | Noticed a Tzitzimitl
 34482 | Elf:2    | Noticed a Hell Sentinel
 34485 | Elf:2    | Noticed a Brimstone Fiend
 34491 | Elf:2    | Noticed a Brimstone Fiend
 34940 | Elf:2    | Noticed Amnesiac's ghost (adept HaMo)
 34987 | Elf:2    | Bought a moonstone ring for 150 gold pieces
 34987 | Elf:2    | Upgraded the game from 0.19-a0-1875-g4fea3da to 0.19-a0-1882-gbb73ea0
 35103 | Elf:2    | Received a gift from Okawaru
 35234 | Elf:2    | Noticed Donald
 35262 | Elf:2    | Killed Donald
 35267 | Elf:2    | Received a gift from Okawaru
 35410 | Elf:2    | Reached XP level 17. HP: 138/152 MP: 24/24
 35500 | Elf:2    | Noticed a deep elf blademaster
 35508 | Elf:2    | Killed a deep elf blademaster
 36492 | Shoals:1 | Entered Level 1 of the Shoals
 36896 | Shoals:1 | Noticed Kirke
 36905 | Shoals:1 | Killed Kirke
 36906 | Shoals:1 | Found Fustraoko's Food Shoppe.
 37244 | Shoals:1 | Received a gift from Okawaru
 37289 | Shoals:2 | Noticed Polyphemus
 37882 | Shoals:2 | HP: 3/154 [death yak[Polyphemus] (5)]
 37883 | Shoals:2 | Slain by Polyphemus

Vault maps used:
D:1:      ncdulo_smallfort, kennysheep_nondescript, kennysheep_another_room,
          minmay_box_of_dots
D:2:      ecumenical_altar_2, cheibriados_altar_1, uniq_terence, uniq_jessica
D:4:      minmay_cut_off, uniq_duvessa
D:5:      first_bread
D:6:      kennysheep_orc_sif_temple, serial_shops, shop, shop,
          nicolae_shop_trees, uniq_pikel
D:7:      marbit_many_paths, fedhas_altar_1, uniq_joseph
D:8:      xom_shifter_show, special_room
D:9:      cheibrodos_two_vegetables, nicolae_overflow_hidden_temple
D:10:     david_lair_generic
D:11:     serial_column_ruins, column_ruins_circle_small,
          column_ruins_columns_straight, column_ruins_open_tiny,
          column_ruins_columns_corner, column_ruins_grid_3, column_ruins_grid_1,
          serial_shops, nicolae_shop_stone, uniq_sonja, uniq_nergalle,
          uniq_josephine
D:12:     orc_david_3, serial_shops, shop, basic_altar
D:13:     serial_ice, serial_ice_h, serial_ice_f, serial_ice_n, serial_ice_a,
          serial_ice_j, serial_ice_g, serial_ice_c,
          portal_ice_cave_entry_animals_and_master, hangedman_fish_farm
D:14:     david_vaults_5, minmay_statue_crystal_thing, uniq_frances,
          uniq_azrael, uniq_louise
D:15:     grunt_enter_depths_hoard
Temple:   nicolae_temple_elliptical
Lair:1:   grunt_megastairs_5
Lair:2:   minmay_shoals_entry_centaurs, minmay_snake_entry_guardpost_medium
Lair:3:   st_stairs_5
Lair:4:   minivault_23, lemuel_fruit_fields
Lair:5:   nicolae_quartered_pool_super, serial_bayou_shore_b,
          serial_bayou_shore_b
Lair:6:   guppyfry_lair_end_dragon, minmay_slime_entry_oklob_open,
          grunt_megastairs_1
Shoals:1: serial_shops, nicolae_shop_temple_entry_statues_fountains, uniq_kirke
Shoals:2: yaktaur_hedge, uniq_polyphemus
Orc:1:    serial_shops, shop, uniq_maurice
Orc:2:    st_orc_pillars
Elf:1:    minmay_elf_arrival_plus, hangedman_corner_corridor
Elf:2:    serial_shops, nicolae_shop_behind_doors, grunt_ministairs_9,
          uniq_nikola, uniq_donald
Abyss:2:  minivault_5
IceCv:    ice_cave_statue_garden_teleport

Skill      XL: |  1  2  3  4  5  6  7  8  9 10 11 12 13 14 15 16 17 |
---------------+----------------------------------------------------+-----
Maces & Flails | 3 4 5 6 7 |  7.0
Dodging        | 1 2 3 4 5 6 7 8 10 11 12 13 | 13.0
Throwing       | 1 2 3 4 6 7 8 9 10 11 | 11.8
Evocations     | 1 2 3 4 6 7 8 9 10 11 | 11.0
Shields        | 4 5 7 8 9 10 11 12 13 | 13.8
Fighting       | 4 5 6 8 9 10 11 12 13 14 | 14.5
Armour         | 4 5 7 8 9 10 11 12 13 14 | 14.1
Polearms       | 3 5 6 7 8 10 11 12 13 | 13.7
Invocations    | 2 4 6 7 |  7.2

Action                   |  1- 3 |  4- 6 |  7- 9 | 10-12 | 13-15 | 16-18 || total
-------------------------+-------+-------+-------+-------+-------+-------++-------
Melee: Flail             |    70 |   137 |   125 |       |       |       ||   332
       Headbutt          |     7 |    19 |    72 |   183 |   587 |   233 ||  1101
       Spear             |       |       |   119 |   831 |  1841 |   685 ||  3476
       Blowgun           |       |       |   192 |       |       |       ||   192
 Fire: Blowgun           |       |       |   106 |       |       |       ||   106
Throw: Stone             |     1 |    15 |    12 |    15 |       |       ||    43
       Tomahawk          |       |       |     8 |    12 |     1 |       ||    21
       Javelin           |       |       |       |    26 |    93 |    91 ||   210
Invok: Heroism           |       |       |       |     9 |    39 |    18 ||    66
       Finesse           |       |       |       |     1 |    17 |     8 ||    26
Evoke: Wand              |       |       |       |       |       |     3 ||     3
  Use: Scroll            |       |     1 |    13 |     8 |    11 |     2 ||    35
       Potion            |       |       |     3 |       |       |     2 ||     5
  Eat: Chunk             |     1 |     7 |    17 |    31 |    40 |    29 ||   125
       Fruit             |       |       |       |       |     1 |       ||     1
       Bread ration      |       |       |       |       |     1 |       ||     1
       Pizza             |       |       |       |       |     1 |       ||     1
Armor: Scale mail        |    23 |     2 |       |       |       |       ||    25
       Chain mail        |       |    63 |   222 |       |       |       ||   285
       Plate armour      |       |       |    15 |   250 |   421 |   136 ||   822
Dodge: Dodged            |    23 |    23 |   162 |   197 |   407 |    88 ||   900
Block: Shield            |    25 |    74 |   318 |   416 |   697 |       ||  1530
       Large shield      |       |       |       |       |   420 |   586 ||  1006
